 Dungeon Crawl Stone Soup version 0.32-a0-699-g1ee5eff69a (webtiles) character file.

Game seed: 17932883972915329969

118 Alarak the Magician (level 5, -7/35 HPs)
             Began as a Djinni Air Elementalist on Mar 13, 2024.
             Mangled by Crazy Yiuf
             ... wielding a +4 quarterstaff of chaos
              (12 damage)
             ... on level 2 of the Dungeon.
             The game lasted 00:03:26 (2157 turns).

Alarak the Magician (Djinni Air Elementalist)       Turns: 2157, Time: 00:03:27

Health: -7/35      AC:  2    Str:  7    XL:     5   Next: 23%
Gold:   72         EV: 11    Int: 19    God:
                   SH:  0    Dex: 13

rFire   + + .        (no weapon)
rCold   x . .        (no shield)
rNeg    . . .        a - +0 robe
rPois   ∞            (no helmet)
rElec   .            (no cloak)
rCorr   .            (no gloves)
SInv    .            (boots unavailable)
Will    .....        (no amulet)
Stlth   ++           (no ring)
HPRegen 0.25/turn    (no ring)
MPRegen 0.00/turn

%: infuse magic (-8 HP)
@: mighty, flying
A: sickness immunity, fire resistance 2, cold vulnerability 1, float, innate
caster, HP casting, extra vitality 1
a: no special abilities


You were on level 2 of the Dungeon.
You visited 1 branch of the dungeon, and saw 2 of its levels.

You collected 72 gold pieces.

Inventory:

Armour
 a - a +0 robe (worn)
 f - a +0 pair of gloves
Scrolls
 b - 3 scrolls of poison {unknown}
 c - a scroll of teleportation {unknown}
 g - 2 scrolls of identify {unknown}
 k - a scroll of amnesia {unknown}
 l - a scroll of blinking {unknown}
Potions
 d - 3 potions of brilliance {unknown}
 e - a potion of haste {unknown}
 h - a potion of curing {unknown}
 i - a potion of magic {unknown}
 j - 2 potions of ambrosia {unknown}


   Skills:
 - Level 2.1 Dodging
 - Level 1.5 Stealth
 + Level 4.8 Spellcasting
 + Level 4.8 Conjurations
 + Level 4.8 Hexes
 + Level 4.8 Summonings
 + Level 4.8 Necromancy
 + Level 4.8 Translocations
 + Level 4.8 Fire Magic
 + Level 4.8 Ice Magic
 + Level 4.8 Air Magic
 + Level 4.8 Earth Magic
 + Level 4.8 Alchemy


You knew the following spells:

 Your Spells              Type           Power      Damage    Failure   Level
a - Shock                 Conj/Air       88%        1d8       1%          1
b - Static Discharge      Conj/Air       44%        3-5/arc   2%          2
c - Swiftness             Air            22%        N/A       5%          3
d - Airstrike             Air            11%        2d(2-18)  17%         4
e - Foxfire               Conj/Fire      88%        2x1d8     1%          1
f - Lesser Beckoning      Tloc           44%        N/A       2%          2
Your spell library was empty.

Dungeon Overview and Level Annotations

Branches:
Dungeon (2/15)

Altars:
Uskayaw

Annotations:
D:2 Crazy Yiuf


Innate Abilities, Weirdness & Mutations

You are immune to sickness and miasma.
You are immune to poison.
Your flesh is very heat resistant. (rF++)
You are vulnerable to cold. (rC-)
You float through the air rather than walking.
You learn spells naturally, not from books.
Your magical power is your life essence.
You have superior vitality. (+4 MHP)


Message History

Aim: Natasha (almost dead, 67% to hit)
The zap hits Natasha.
You kill Natasha!
Natasha yowls pathetically as she dies!
* * * LOW HITPOINT WARNING * * *
You have reached level 5!
The power to cast Lesser Beckoning wells up from within.
Spell assigned to 'f'.
You start resting.
Your magical contamination has completely faded away.
You start resting.
You feel yourself speed up.
You start resting.
HP restored.
You see here an adder skeleton.
Crazy Yiuf shouts!
You reach down and open the door.
Casting: Shock (safe; 1% risk of failure)
Confirm with . or Enter, or press ? or * to list all spells.
Crazy Yiuf is struck by an arc of lightning.
Crazy Yiuf is moderately wounded.
You are struck by an arc of lightning.
The lightning grounds out.
Crazy Yiuf barely misses you.
The zap hits Crazy Yiuf.
Crazy Yiuf is moderately wounded.
Crazy Yiuf hits you with a +4 quarterstaff of chaos!
Crazy Yiuf burns you.
The zap hits Crazy Yiuf.
Crazy Yiuf is moderately wounded.
Crazy Yiuf hits you with a +4 quarterstaff of chaos!
* * * LOW HITPOINT WARNING * * *
You feel very mighty all of a sudden.
You are too injured to fight recklessly!
Casting: Shock (safe; 1% risk of failure)
Confirm with . or Enter, or press ? or * to list all spells.
Okay, then.
You punch Crazy Yiuf!
Crazy Yiuf is almost dead.
Crazy Yiuf hits you with a +4 quarterstaff of chaos!
You die...

..............# ####...######.#
###.## #.# ## #..## ### .# ##..#
.## ##[# ♣♣♣♣♣### ..### ### ###
♣♣♣.♣....## #...#
#÷..#♣..♣......## ###.#
#...g@♣♣♣♣......# #.## #)..#♣♣
♣♣.....# #..# ### ♣♣###.# ####.#
#.# ..##.### #.#
#.##...###################.####
#.####......>......##..#......##
#..................###.........##
#####..............# #..........#


You could see Crazy Yiuf.

Vanquished Creatures
  Natasha (D:2)
  3 adders (D:2)
  3 dart slugs
  6 ball pythons
  2 bats (D:2)
  11 endoplasms
  2 giant cockroaches (D:2)
  3 goblins (D:1)
  4 hobgoblins
  2 jackals (D:1)
  4 quokkas
  3 frilled lizards
  6 kobolds
  5 rats (D:1)
55 creatures vanquished.

Notes
Turn   | Place    | Note
-------+----------+-------------------------------------------
     0 | D:1      | Alarak the Djinni Air Elementalist began the quest for the
                  | Orb.
     0 | D:1      | Alarak set off with the following spells memorised: Shock,
                  | Static Discharge, Swiftness, Airstrike.
     0 | D:1      | Reached XP level 1. HP: 15/15 MP: 0/0
    93 | D:1      | Reached XP level 2. HP: 11/21 MP: 0/0
   409 | D:1      | Reached XP level 3. HP: 6/25 MP: 0/0
   409 | D:1      | Learned a level 1 spell: Foxfire
   658 | D:1      | Found a faded altar of an unknown god.
  1169 | D:2      | Found a hide-covered altar of Uskayaw.
  1332 | D:2      | Reached XP level 4. HP: 14/31 MP: 0/0
  1689 | D:2      | Found a runed translucent door.
  1690 | D:2      | Noticed Crazy Yiuf
  1981 | D:2      | Noticed Natasha
  1987 | D:2      | Killed Natasha
  1988 | D:2      | Reached XP level 5. HP: 9/35 MP: 0/0
  1988 | D:2      | Learned a level 2 spell: Lesser Beckoning
  2157 | D:2      | Mangled by Crazy Yiuf

Illustrated notes

Levels and vault maps discovered:
D:1:      dpeg_arrival_tiny_g, layout_basic,
          shapermc_ecumenical_altar_mp_vishouse
D:2:      layout_rooms, basic_altar, minmay_misc_feat_hallway,
          dk_noncrumbling_2, corexii_leaking_fountain, minivault_23,
          uniq_crazy_yiuf_cottage, uniq_natasha

Skill      XL: |  1  2  3 |
---------------+----------+-----
Spellcasting   | 4 |  4.8
Conjurations   | 4 |  4.8
Hexes          | 4 |  4.8
Summonings     | 4 |  4.8
Necromancy     | 4 |  4.8
Translocations | 4 |  4.8
Fire Magic     | 4 |  4.8
Ice Magic      | 4 |  4.8
Air Magic      | 4 |  4.8
Earth Magic    | 4 |  4.8
Alchemy        | 4 |  4.8
Dodging        | |  2.1
Stealth        | |  1.5

Action                     |  1- 3 |  4- 6 || total
---------------------------+-------+-------++-------
  Melee: Unarmed           |       |     1 ||     1
   Cast: Shock             |    83 |    36 ||   119
         Static Discharge  |       |     5 ||     5
 Armour: Robe              |     6 |    13 ||    19
  Dodge: Dodged            |     4 |     5 ||     9

Table legend: (Time is in decaauts)
 A = Elapsed time spent in this place.
 B = Non-inter-level travel time spent in this place.
 C = Inter-level travel time spent in this place.
 D = Time resting spent in this place.
 E = Time spent auto-exploring this place.
 F = Levels seen in this place.
 G = Mean time per level.
                   A        B        C        D        E       F      G
               +--------+--------+--------+--------+--------+-----+--------+
         Total |   2164 |   2086 |     78 |    137 |   1740 |   2 | 1082.0 |
       Dungeon |   2164 |   2086 |     78 |    137 |   1740 |   2 | 1082.0 |
               +--------+--------+--------+--------+--------+-----+--------+

Top non-repeatable levels by time:
     D:1: 1169 daAuts
     D:2: 995 daAuts
